 Dungeon Crawl Stone Soup version 0.30-a0-986-g7f2e898f52 (webtiles) character file.

Game seed: 15213089605007584058

215 Gynju the Trooper (level 5, -2/47 HPs)
             Began as a Minotaur Fighter on Apr 2, 2023.
             Was an Initiate of Okawaru.
             Slain by a kobold brigand
             ... wielding a +0 whip
              (6 damage)
             ... in a sewer.
             The game lasted 00:04:02 (2204 turns).

Gynju the Trooper (Minotaur Fighter)                Turns: 2204, Time: 00:04:03

Health: -2/47      AC:  8    Str: 23    XL:     5   Next: 60%
Magic:  13/13      EV:  9    Int:  5    God:    Okawaru [......]
Gold:   111        SH:  5    Dex: 18    Spells: 4/4 levels left

rFire   . . .      SeeInvis .    p - +1 long sword of Ugevic {speed, MP+9 Dex+3}
rCold   . . .      Faith    .    c - +0 buckler
rNeg    . . .      Spirit   .    b - +0 scale mail
rPois   .          Reflect  .    (helmet restricted)
rElec   .          Rampage  .    (no cloak)
rCorr   .                        n - +0 pair of gloves
Will    .....                    (no boots) Stlth
                                 (no amulet)
HPRegen 0.27/turn                h - +6 ring of dexterity
MPRegen 0.13/turn                (no ring)

@: no status effects
A: horns 2, retaliatory headbutt
a: Renounce Religion


You were in a sewer.
You worshipped Okawaru.
Okawaru was noncommittal.
You visited 1 branch of the dungeon, and saw 4 of its levels.
You also visited: Sewer.

You collected 111 gold pieces.

Inventory:

Hand Weapons
 p - the +1 long sword of Ugevic (weapon) {speed, MP+9 Dex+3}
   (You found it on level 3 of the Dungeon)

   Dex:       It affects your dexterity (+3).
   MP:        It affects your magic capacity (+9).
Missiles
 i - 9 poisoned darts (quivered)
Armour
 b - a +0 scale mail (worn)
 c - a +0 buckler (worn)
 n - a +0 pair of gloves (worn)
Jewellery
 h - a +6 ring of dexterity (left hand)
Scrolls
 a - a scroll of fear {unknown}
 f - 2 scrolls of magic mapping {unknown}
 g - 2 scrolls of identify {unknown}
 j - a scroll of immolation {unknown}
 q - a scroll of brand weapon {unknown}
 r - 2 scrolls of teleportation {unknown}
Potions
 d - a potion of might
 e - a potion of degeneration {unknown}
 k - a potion of berserk rage {unknown}
 l - a potion of curing {unknown}
 m - a potion of invisibility {unknown}
 o - a potion of haste {unknown}


   Skills:
 - Level 4.5 Fighting
 + Level 4.1 Long Blades
 - Level 3.5 Polearms
 - Level 4.4 Armour
 - Level 4.4 Shields


You had 4 spell levels left.
You didn't know any spells.
Your spell library contained the following spells:

 Spells                   Type           Power      Damage    Failure   Level
 Magic Dart               Conj           0%         1d3       86%         1
 Lesser Beckoning         Tloc           0%         N/A       95%         2
 Searing Ray              Conj           0%         2d4       95%         2
 Gell's Gravitas          Tloc           0%         N/A       99%         3
 Ignite Poison            Fire/Tmut/Pois 0%         N/A       99%         3
 Teleport Other           Tloc           0%         N/A       99%         3
 Fulminant Prism          Conj/Hex       0%         3d5       100%        4
 Sticky Flame             Conj/Fire      0%         2d3       100%        4
 Ignition                 Fire           0%         3d3       100%        8


Dungeon Overview and Level Annotations

Branches:
Dungeon (3/15)              Sewer (1/1)

Altars:
Okawaru
Yredelemnul

Shops:
D:3 [

Annotations:
D:1 1 runed translucent door


Innate Abilities, Weirdness & Mutations

You have a pair of horns on your head.
You reflexively headbutt those who attack you in melee.


Message History

You block the kobold brigand's attack.
You barely miss the kobold brigand.
You feel sick. The kobold brigand barely misses you.
You hit the kobold brigand.
The kobold brigand is lightly wounded.
The kobold brigand hits you with a +0 whip.
You closely miss the kobold brigand. You headbutt the kobold brigand.
The kobold brigand is moderately wounded.
You feel sick.
The kobold brigand hits you with a +0 whip!
* * * LOW HITPOINT WARNING * * *
You hit the kobold brigand but do no damage.
The kobold brigand is moderately wounded.
You feel sick.
You are no longer poisoned.
You closely miss the kobold brigand.
The kobold brigand is moderately wounded.
The kobold brigand hits you with a +0 whip.
* * * LOW HITPOINT WARNING * * *
You closely miss the kobold brigand.
The kobold brigand is moderately wounded.
The kobold brigand hits you with a +0 whip!
* * * LOW HITPOINT WARNING * * *
You hit the kobold brigand.
Your headbutt misses the kobold brigand.
The kobold brigand is moderately wounded.
The kobold brigand hits you but does no damage.
You hit the kobold brigand. You headbutt the kobold brigand!
The kobold brigand is heavily wounded.
The kobold brigand hits you but does no damage.
You hit the kobold brigand.
The kobold brigand is heavily wounded.
You block the kobold brigand's attack.
You slash the kobold brigand!
You headbutt the kobold brigand, but do no damage.
The kobold brigand is almost dead.
You completely miss the kobold brigand.
The kobold brigand is almost dead.
The kobold brigand hits you with a +0 whip.
You die...

# ##### ## ##~..##
#####
~#####..~..#####~..#
.~~~)†~...~....~@K.#
~#####.....####..!~.#
## ##~~~## ###.### #
##~## ## #~# #~# #
##~## ##### ##
##...## ##...##
~#####..~..####.~~.~#


You could see a kobold brigand.

Vanquished Creatures
  A black bear (D:4)
  A gnoll (D:1)
  3 adders (D:2)
  4 worms
  2 dart slugs
  8 bats
  6 endoplasms
  2 giant cockroaches
  5 hobgoblins
  7 jackals
  6 quokkas
  4 ball pythons
  4 frilled lizards
  4 goblins
  6 kobolds
  7 rats
70 creatures vanquished.

Notes
Turn   | Place    | Note
-------+----------+-------------------------------------------
     0 | D:1      | Gynju the Minotaur Fighter began the quest for the Orb.
     0 | D:1      | Reached XP level 1. HP: 19/19 MP: 0/0
     1 | D:1      | Found a runed translucent door.
    39 | D:1      | Reached XP level 2. HP: 21/27 MP: 1/1
   275 | D:1      | Reached XP level 3. HP: 33/33 MP: 2/2
   933 | D:2      | Reached XP level 4. HP: 41/41 MP: 3/3
  1591 | D:3      | Found Zorchen's Armour Shop.
  1631 | D:3      | Identified the +1 long sword of Ugevic {speed, MP+9 Dex+3}
  1807 | D:3      | Found an iron altar of Okawaru.
  1818 | D:3      | Reached skill level 1 in Long Blades
  1818 | D:3      | Became a worshipper of Warmaster Okawaru
  1944 | D:3      | Found a basalt altar of Yredelemnul.
  2032 | D:3      | You fall into a shaft and drop 1 floor!
  2037 | D:4      | Found a glowing drain.
  2037 | D:4      | Noticed a black bear
  2045 | D:4      | Killed a black bear
  2046 | D:4      | Reached XP level 5. HP: 39/47 MP: 4/4
  2056 | Sewer    | Entered a sewer
  2204 | Sewer    | Slain by a kobold brigand

Illustrated notes

Levels and vault maps discovered:
D:1:      dpeg_arrival_caged_fury, layout_basic
D:2:      minmay_evil_eye, layout_basic, st_stairs_11,
          chequers_serial_rivers_micro_e
D:3:      layout_rooms, mainiacjoe_overflow_surrounded_room,
          okawaru_metal_pillars_3, serial_shops, nicolae_shop_behind_doors,
          nicolae_elevator_lobby_asterisk
D:4:      layout_loops_corners, serial_shops, shop,
          cheibrodos_sewer_entry_sluice
Sewer:    sewer_co_15_rooms

Skill      XL: |  1  2  3  4  5 |
---------------+----------------+-----
Fighting       | 4 |  4.5
Armour         | 4 |  4.4
Shields        | 4 |  4.4
Polearms       | 3 |  3.5
Long Blades    | 3 4 |  4.1

Action                     |  1- 3 |  4- 6 || total
---------------------------+-------+-------++-------
  Melee: Trident           |    91 |    34 ||   125
         Headbutt          |     7 |    21 ||    28
         Long sword        |       |    61 ||    61
 Armour: Scale mail        |    35 |    35 ||    70
  Dodge: Dodged            |    25 |    26 ||    51
  Block: Buckler           |    12 |    22 ||    34

Table legend: (Time is in decaauts)
 A = Elapsed time spent in this place.
 B = Non-inter-level travel time spent in this place.
 C = Inter-level travel time spent in this place.
 D = Time resting spent in this place.
 E = Time spent auto-exploring this place.
 F = Levels seen in this place.
 G = Mean time per level.
                   A        B        C        D        E       F      G
               +--------+--------+--------+--------+--------+-----+--------+
         Total |   2239 |   2101 |    138 |      0 |   1673 |   5 |  447.8 |
       Dungeon |   2076 |   1938 |    138 |      0 |   1562 |   4 |  519.0 |
         Sewer |    162 |    162 |      0 |      0 |    111 |   1 |  162.0 |
               +--------+--------+--------+--------+--------+-----+--------+

Top non-repeatable levels by time:
     D:2: 1109 daAuts
     D:3: 495 daAuts
     D:1: 446 daAuts
   Sewer: 162 daAuts
     D:4: 24 daAuts
